 Dungeon Crawl Stone Soup version 0.27.1-34-g3ba077fa99 (webtiles) character file.

Game seed: 15944447541214568200

44025 Akaron the Severer (level 13, -7/122 HPs)
             Began as a Minotaur Berserker on Jan 22, 2022.
             Was a High Priest of Trog.
             Mangled by a skeletal warrior (20 damage)
             ... led by a skeletal warrior
             ... on level 12 of the Dungeon.
             The game lasted 01:16:30 (12658 turns).

Akaron the Severer (Minotaur Berserker)            Turns: 12658, Time: 01:16:31

Health: -7/122     AC: 21    Str: 36    XL:     13   Next: 94%
Magic:  12/12      EV: 16    Int:  4    God:    Trog [*****.]
Gold:   1274       SH:  0    Dex: 16    Spells: 12/12 levels left

rFire    . . .     SeeInvis .   m - +7 executioner's axe "Tedaotut" {vorpal, rElec Str+4}
rCold    . . .     Faith    .   (shield currently unavailable)
rNeg     . . .     Spirit   .   I - +0 plate armour
rPois    +         Reflect  .   (helmet restricted)
rElec    +         Harm     .   C - +0 cloak
rCorr    .         Rampage  .   b - +3 pair of gloves of Luligew {*Corrode rPois Slay+5}
Will     +++..                  (no boots)
Stlth    ..........             c - amulet of regeneration
HPRegen  2.30/turn              v - +4 ring of evasion
MPRegen  0.13/turn              S - ring "Napaa" {Will+ Str+5 Dex+6}

@: strong-willed, regenerating
A: horns 2, retaliatory headbutt
a: Renounce Religion, Berserk, Trog's Hand, Brothers in Arms


You were on level 12 of the Dungeon.
You worshipped Trog.
Trog was extremely pleased with you.
You visited 2 branches of the dungeon, and saw 14 of its levels.

You collected 1873 gold pieces.
You spent 599 gold pieces at shops.

Inventory:

Hand Weapons
 m - the +7 executioner's axe "Tedaotut" (weapon) {vorpal, rElec Str+4}
   (Trog gifted it to you on level 2 of the Orcish Mines)

   It inflicts extra damage upon your enemies.
   Str:       It affects your strength (+4).
   rElec:     It insulates you from electricity.
 H - a +1 vorpal broad axe
 U - a +1 war axe of flaming
Armour
 b - the +3 pair of gloves of Luligew (worn) {*Corrode rPois Slay+5}
   (You bought it in a shop on level 3 of the Dungeon)

   Slay:      It affects your accuracy & damage with ranged weapons and melee
   (+5).
   rPois:     It protects you from poison.
   *Corrode:  It may corrode you when you take damage.
 r - a +0 kite shield
 C - a +0 cloak (worn)
 I - a +0 plate armour (worn)
Jewellery
 c - an amulet of regeneration (around neck)
 s - a +4 ring of evasion
 t - the ring "Rovewn" {Fly rC+}
   (You found it on level 11 of the Dungeon)

   [ring of flight]

   rC:        It protects you from cold.
   Fly:       It grants you flight.
 v - a +4 ring of evasion (left hand)
 S - the ring "Napaa" (right hand) {Will+ Str+5 Dex+6}
   (You took it off an efreet on level 11 of the Dungeon)

   [ring of dexterity]

   Str:       It affects your strength (+5).
   Dex:       It affects your dexterity (+6).
   Will:      It increases your willpower.
Wands
 a - a wand of acid (8)
 i - a wand of charming (12)
 o - a wand of digging (6)
 D - a wand of iceblast (22)
 K - a wand of paralysis (7)
 N - a wand of mindburst (11)
 O - a wand of polymorph (5)
Scrolls
 h - 4 scrolls of fog
 j - a scroll of summoning {unknown}
 k - a scroll of identify
 n - a scroll of acquirement {unknown}
 q - 8 scrolls of teleportation
 y - a scroll of brand weapon {unknown}
 z - 3 scrolls of vulnerability
 A - 4 scrolls of amnesia {unknown}
 F - 2 scrolls of enchant weapon {unknown}
 G - a scroll of magic mapping {unknown}
 J - 2 scrolls of fear {unknown}
 Q - a scroll of torment {unknown}
Potions
 d - 2 potions of curing
 e - 3 potions of berserk rage
 f - a potion of flight {unknown}
 g - a potion of magic {unknown}
 l - 4 potions of haste
 p - 3 potions of attraction {unknown}
 u - a potion of invisibility {unknown}
 w - 3 potions of might
 x - 4 potions of heal wounds
 B - 6 potions of mutation
 L - a potion of resistance {unknown}
 M - 3 potions of cancellation


   Skills:
 + Level 13.5 Fighting
 + Level 17.8 Axes
 + Level 12.7 Armour
 + Level 6.8 Dodging
 + Level 10.7 Shields


You had 12 spell levels left.
You didn't know any spells.
Your spell library was empty.

Dungeon Overview and Level Annotations

Branches:
Dungeon (12/15)            Temple (0/1) D:6            Lair (0/6) D:11
    Orc (2/2) D:10            Elf (0/3) Orc:2

Altars:
Cheibriados
Kikubaaqudgha
Sif Muna
Trog
Uskayaw
Wu Jian
Xom
Yredelemnul
The Shining One
Beogh

Shops:
D:3 [   Orc:2 :[((


Innate Abilities, Weirdness & Mutations

You have a pair of horns on your head.
You reflexively headbutt those who attack you in melee.


Message History

You slash the skeletal warrior!
The skeletal warrior hits you with a +0 hand axe.
The skeletal warrior hits you from afar with a +0 glaive!
The skeletal warrior completely misses you.
You furiously retaliate!
You headbutt the skeletal warrior, but do no damage.
The skeletal warrior misses you.
You slice the skeletal warrior!!
You headbutt the skeletal warrior, but do no damage.
The skeletal warrior is severely damaged.
The skeletal warrior closely misses you.
The skeletal warrior barely misses you. You furiously retaliate!
You headbutt the skeletal warrior! You slice the skeletal warrior!!
You destroy the skeletal warrior!
Trog accepts your kill.
The skeletal warrior closely misses you.
The skeletal warrior hits you but does no damage.
The skeletal warrior hits you from afar with a +0 glaive!
The skeletal warrior hits you but does no damage.
The skeletal warrior closely misses you. x2
Things that are here:
a +0 flail; 43 gold pieces; a potion of curing You slice the skeletal warrior!!
You headbutt the skeletal warrior, but do no damage.
The skeletal warrior is severely damaged.
You slash the skeletal warrior!
The skeletal warrior hits you from afar with a +0 halberd!!
* * * LOW HITPOINT WARNING * * *
The skeletal warrior closely misses you.
You furiously retaliate!
You headbutt the skeletal warrior!
The skeletal warrior hits you with a +0 glaive.
* * * LOW HITPOINT WARNING * * *
Okay, then.
Your skin crawls.
You feel strong-willed.
The skeletal warrior hits you from afar with a +0 halberd!!
* * * LOW HITPOINT WARNING * * *
The skeletal warrior hits you with a +0 glaive!!
You die...

............#
............#
............#
............#
..!.........#
............#
.....z.zz...#
#... ....#
#..@)...#
.... ....#
#.......#
#.... #....#
#.......#
....##.. ..#
#^......#
.##.#.. #..#
#.......#
##....##...#
#.......#
#..##.#....#
#.......#
..##.......#
#..####.#
#.#..##..#.#
#..# .#


You could see 3 skeletal warriors.

Vanquished Creatures
  Gastronok (D:12)
  2 orc warlords
  A very ugly thing (D:9)
  Snorg (D:11)
  Erolcha (D:11)
  The ghost of mmigdal the Basher, a journeyman DsFi (D:9)
  An ogre mage (D:10)
  2 boulder beetles (D:11)
  Erica (D:11)
  7 two-headed ogres (D:10)
  An orc high priest (Orc:2)
  3 death yaks (D:11)
  2 skeletal warriors (D:12)
  2 orc knights (Orc:2)
  2 deep elf pyromancers
  7 ugly things
  3 orc sorcerers (Orc:2)
  A manticore (D:11)
  5 cyclopes
  Maurice (D:11)
  An elephant (shapeshifter) (D:11)
  A cane toad (shapeshifter) (D:9)
  An unseen horror (D:12)
  A gargoyle (D:12)
  Psyche (D:12)
  Maggie (D:6)
  A komodo dragon (D:11)
  An efreet (D:11)
  7 trolls
  3 slime creatures (D:12)
  Sigmund (D:3)
  17 yaks
  3 steam dragons
  A wraith (D:10)
  A wyvern (D:10)
  2 basilisks (D:11)
  A neqoxec (D:9)
  A vampire mosquito (D:11)
  2 wargs (Orc:2)
  A warg (shapeshifter) (D:9)
  4 water moccasins
  Menkaure (D:4)
  A floating eye (shapeshifter) (D:9)
  A black bear (shapeshifter) (D:9)
  33 orc warriors
  2 hornet zombies
  A sky beast (D:6)
  An ice beast (D:6)
  4 necrophages
  22 ogres
  5 centaurs
  A kobold brigand (D:10)
  3 bullfrogs
  A scorpion (D:5)
  A water moccasin skeleton (D:5)
  4 howler monkeys
  4 crimson imps (D:9)
  A bullfrog zombie (D:5)
  2 centaur skeletons
  5 centaur zombies
  A hound (D:5)
  2 jellies (D:5)
  A bullfrog skeleton (D:6)
  12 orc priests
  3 iguanas
  24 orc wizards
  A hell rat (D:11)
  3 howler monkey zombies
  8 gnolls
  5 adders
  2 river rats (D:11)
  A white imp (D:7)
  An ufetubus (D:4)
  A worm (D:2)
  3 dart slugs
  87 orcs
  3 endoplasms
  5 giant cockroaches
  2 hobgoblins
  6 quokkas
  5 ball pythons
  2 bats
  5 frilled lizards
  6 goblins
  8 kobolds
  9 rats
396 creatures vanquished.

Vanquished Creatures (others)
  A centaur simulacrum (D:11)
  An orc (D:8)
2 creatures vanquished.

Grand Total: 398 creatures vanquished

Notes
Turn   | Place    | Note
-------+----------+-------------------------------------------
     0 | D:1      | Akaron the Minotaur Berserker began the quest for the Orb.
     0 | D:1      | Reached XP level 1. HP: 19/19 MP: 0/0
     2 | D:1      | Noticed an elf
     2 | D:1      | Noticed a spriggan
     4 | D:1      | Noticed a barachi
     4 | D:1      | Noticed a palentonga
     6 | D:1      | Noticed a dwarf
     6 | D:1      | Noticed a minotaur
     8 | D:1      | Noticed a troll
     8 | D:1      | Noticed a naga
    10 | D:1      | Noticed a human
    10 | D:1      | Noticed a vampire
    12 | D:1      | Noticed a vine stalker
    12 | D:1      | Noticed a ghoul
    14 | D:1      | Noticed a demigod
    14 | D:1      | Noticed a merfolk
    16 | D:1      | Noticed a felid
    16 | D:1      | Noticed an ogre
    18 | D:1      | Noticed a tengu
    18 | D:1      | Noticed a formicid
    20 | D:1      | Noticed an octopode
    22 | D:1      | Noticed a djinni
    24 | D:1      | Noticed a demonspawn
    24 | D:1      | Noticed a gargoyle
    26 | D:1      | Noticed a draconian
   220 | D:1      | Found a faded altar of an unknown god.
   456 | D:1      | Reached XP level 2. HP: 27/27 MP: 1/1
   655 | D:1      | Reached skill level 4 in Axes
  1113 | D:2      | Reached XP level 3. HP: 31/33 MP: 2/2
  1201 | D:2      | Reached XP level 4. HP: 28/41 MP: 3/3
  1303 | D:2      | Reached skill level 5 in Axes
  1452 | D:2      | Reached ** piety under Trog
  1688 | D:3      | Found Hurgh's Armour Boutique.
  1726 | D:3      | Noticed Sigmund
  1748 | D:3      | Killed Sigmund
  1749 | D:3      | Reached skill level 5 in Fighting
  1749 | D:3      | Reached skill level 6 in Axes
  1749 | D:3      | Reached XP level 5. HP: 48/48 MP: 4/4
  1749 | D:3      | Reached XP level 6. HP: 56/56 MP: 5/5
  2461 | D:4      | Found a glowing golden altar of the Shining One.
  2515 | D:4      | Noticed a water moccasin
  2529 | D:4      | Killed a water moccasin
  2530 | D:4      | Reached skill level 7 in Axes
  2530 | D:4      | Reached XP level 7. HP: 63/63 MP: 6/6
  2583 | D:4      | Found an ancient bone altar of Kikubaaqudgha.
  2642 | D:4      | Noticed Menkaure
  2651 | D:4      | Killed Menkaure
  2652 | D:4      | Reached skill level 8 in Axes
  2883 | D:5      | Entered Level 5 of the Dungeon
  2902 | D:5      | Noticed a troll
  2913 | D:5      | Killed a troll
  2914 | D:5      | Reached skill level 9 in Axes
  2914 | D:5      | Reached skill level 5 in Dodging
  2914 | D:5      | Reached skill level 1 in Shields
  2914 | D:5      | Reached XP level 8. HP: 68/71 MP: 7/7
  3071 | D:5      | Reached *** piety under Trog
  3360 | D:6      | Reached skill level 10 in Axes
  3416 | D:6      | Found a hide-covered altar of Uskayaw.
  3437 | D:6      | Reached XP level 9. HP: 67/80 MP: 8/8
  3669 | D:6      | Noticed Maggie
  3675 | D:6      | Killed Maggie
  3837 | D:6      | Found a staircase to the Ecumenical Temple.
  4225 | D:7      | Reached skill level 11 in Axes
  4275 | D:7      | Reached skill level 5 in Shields
  4520 | D:7      | Found an ornate altar of the Wu Jian Council.
  4520 | D:7      | Found a snail-covered altar of Cheibriados.
  4520 | D:7      | Found a bloodstained altar of Trog.
  5378 | D:8      | Reached skill level 5 in Armour
  5585 | D:9      | Found a shimmering altar of Xom.
  5606 | D:9      | Reached **** piety under Trog
  5607 | D:9      | Reached skill level 12 in Axes
  5607 | D:9      | Reached XP level 10. HP: 83/90 MP: 9/9
  5769 | D:9      | Found a runed translucent gate.
  5769 | D:9      | Found a runed translucent gate.
  5769 | D:9      | Found a runed translucent gate.
  5770 | D:9      | Noticed a purple ugly thing
  5770 | D:9      | Noticed a cyan very ugly thing
  5770 | D:9      | Noticed a brown ugly thing
  5774 | D:9      | Noticed a red ugly thing
  5775 | D:9      | Noticed a purple ugly thing
  5775 | D:9      | Noticed a brown ugly thing
  5776 | D:9      | Noticed a purple ugly thing
  5965 | D:9      | Found a basalt altar of Yredelemnul.
  6766 | D:10     | Entered Level 10 of the Dungeon
  6815 | D:10     | Found a staircase to the Orcish Mines.
  6981 | D:10     | Noticed a two-headed ogre
  6990 | D:10     | Killed a two-headed ogre
  7039 | D:10     | Reached skill level 13 in Axes
  7603 | D:10     | Noticed a two-headed ogre
  7604 | D:10     | Noticed a two-headed ogre
  7607 | D:10     | Noticed a two-headed ogre
  7615 | D:10     | Killed a two-headed ogre
  7616 | D:10     | Reached XP level 11. HP: 51/99 MP: 10/10
  7693 | D:10     | Killed a two-headed ogre
  7704 | D:10     | Killed a two-headed ogre
  7705 | D:10     | Reached skill level 10 in Fighting
  7705 | D:10     | Reached skill level 14 in Axes
  7729 | D:10     | Noticed a two-headed ogre
  7730 | D:10     | Noticed a two-headed ogre
  7730 | D:10     | Noticed a two-headed ogre
  7730 | D:10     | Noticed an ogre mage
  7750 | D:10     | Killed a two-headed ogre
  8423 | D:10     | Killed a two-headed ogre
  8456 | D:10     | Killed a two-headed ogre
  8463 | D:10     | Killed an ogre mage
  8569 | D:11     | Noticed a boulder beetle
  8583 | D:11     | Killed a boulder beetle
  8584 | D:11     | Noticed a death yak
  8598 | D:11     | Killed a death yak
  8613 | D:11     | Noticed Maurice
  8625 | D:11     | Killed Maurice
  8653 | D:11     | Noticed Erica
  8662 | D:11     | Killed Erica
  8662 | D:11     | Reached ***** piety under Trog
  8663 | D:11     | Reached skill level 15 in Axes
  8663 | D:11     | Reached skill level 10 in Armour
  8756 | D:11     | Noticed a death yak
  8767 | D:11     | Noticed a death yak
  8776 | D:11     | Killed a death yak
  8777 | D:11     | Reached XP level 12. HP: 69/108 MP: 11/11
  8790 | D:11     | Killed a death yak
  8792 | D:11     | Found a staircase to the Lair.
  8870 | D:11     | Noticed Erolcha
  8880 | D:11     | Killed Erolcha
  9130 | D:11     | Noticed Snorg
  9138 | D:11     | Killed Snorg
  9331 | D:11     | Noticed a boulder beetle
  9338 | D:11     | Identified the ring of Enor {rElec Int+6 Slay+2}
  9344 | D:11     | Reached skill level 16 in Axes
  9388 | D:11     | Killed a boulder beetle
  9402 | D:11     | Identified the ring "Napaa" {Will+ Str+5 Dex+6}
  9428 | D:11     | Identified the ring of Owetehag {Wiz Will++ Dex+3}
  9479 | D:11     | Identified the ring "Rovewn" {Fly rC+}
  9718 | D:9      | Killed a purple very ugly thing
  9728 | D:9      | Found a runed translucent gate.
  9728 | D:9      | Found a runed translucent gate.
  9736 | D:9      | Found a runed translucent gate.
  9736 | D:9      | Noticed mmigdal's ghost (journeyman DsFi)
  9826 | D:9      | Killed mmigdal's ghost
  9827 | D:9      | Reached XP level 13. HP: 118/118 MP: 12/12
 10032 | D:3      | Bought the +3 pair of gloves of Luligew {*Corrode rPois
                  | Slay+5} for 599 gold pieces
 10158 | Orc:1    | Entered Level 1 of the Orcish Mines
 10187 | Orc:1    | Received a gift from Trog
 10282 | Orc:1    | Noticed an orc warlord
 10299 | Orc:1    | Killed an orc warlord
 10300 | Orc:1    | Reached skill level 10 in Shields
 10737 | Orc:1    | Found a shimmering blue altar of Sif Muna.
 10877 | Orc:2    | Entered Level 2 of the Orcish Mines
 10953 | Orc:2    | Found Voenu's Book Shop.
 11152 | Orc:2    | Found Elat's Antique Weapon Shop.
 11483 | Orc:2    | Found a staircase to the Elven Halls.
 11670 | Orc:2    | Noticed an orc warlord
 11779 | Orc:2    | Killed an orc warlord
 11780 | Orc:2    | Reached skill level 17 in Axes
 11880 | Orc:2    | Found Plog's Antique Weapon Emporium.
 11884 | Orc:2    | Found Esoeren's Antique Armour Shoppe.
 11994 | Orc:2    | Identified the +7 executioner's axe "Tedaotut" {vorpal,
                  | rElec Str+4} (Trog gifted it to you on level 2 of the
                  | Orcish Mines)
 11994 | Orc:2    | Received a gift from Trog
 12006 | Orc:2    | Found Tammiqemo's Book Emporium.
 12012 | Orc:2    | Reached ****** piety under Trog
 12417 | D:12     | Noticed Psyche
 12421 | D:12     | Killed Psyche
 12564 | D:12     | Noticed Gastronok
 12571 | D:12     | Killed Gastronok
 12648 | D:12     | Identified the +1 leather armour "Mexiezua" {Harm rElec
                  | rC+}
 12658 | D:12     | Mangled by a skeletal warrior

Illustrated notes

Levels and vault maps discovered:
D:1:      kb_arrival_jail, layout_basic,
          hellmonk_ecumenical_altar_pennies_from_heaven
D:2:      layout_rooms
D:3:      layout_loops_ring, serial_shops, shop, uniq_sigmund
D:4:      layout_gridville, nicolae_kikubaaqudgha_miasma_corner, tso_altar,
          item_on_display_a, uniq_menkaure
D:5:      layout_rooms
D:6:      layout_loops_cross, overflow_temple_1_default,
          minmay_temple_entry_poolview, uniq_maggie
D:7:      layout_layer_cave, gammafunk_temple_overflow_claw
D:8:      layout_rooms
D:9:      layout_basic, led_xom_imps, mainiacjoe_overflow_paths,
          ploomutoo_gammafunk_ghost_potion_laboratory
D:10:     lemuel_ogre_cave, layout_loops_ring, orc_0_dummy, dk_vineyard_2
D:11:     minmay_the_grid_triangle_9x9_rhombus_thin
          [minmay_the_grid_triangle_9x9_sprig,
          minmay_the_grid_triangle_9x9_prize_special,
          minmay_the_grid_triangle_9x9_windchime,
          minmay_the_grid_triangle_9x9_sparse_checkered], layout_long_grid,
          dpeg_lair_monsters, uniq_snorg, uniq_erolcha, uniq_maurice, uniq_erica
D:12:     layout_long_grid, nicolae_wwwww, uniq_gastronok, uniq_psyche
Orc:1:    layout_caves, basic_altar, kennysheep_orc_sif_temple
Orc:2:    grunt_orc_community_town_hall, layout_caves,
          grunt_orc_community_big_house_1, grunt_orc_community_big_house_2,
          grunt_orc_community_house_3, grunt_orc_community_house_2,
          grunt_orc_community_house_1, grunt_orc_community_house_1,
          grunt_orc_community_house_1, serial_shops, nicolae_square_shop,
          nicolae_orc_damp_corner

Skill      XL: |  1  2  3  4  5  6  7  8  9 10 11 12 13 |
---------------+----------------------------------------+-----
Axes           | 4 6 7 9 10 12 13 15 16 17 | 17.8
Fighting       | 4 5 6 7 8 9 10 12 13 | 13.5
Dodging        | 3 4 5 6 |  6.8
Armour         | 3 5 7 10 11 12 | 12.7
Shields        | 1 3 5 6 8 9 10 | 10.7

Action                   |  1- 3 |  4- 6 |  7- 9 | 10-12 | 13-15 || total
-------------------------+-------+-------+-------+-------+-------++-------
Melee: Hand axe          |    42 |    65 |       |       |       ||   107
       Headbutt          |     5 |     7 |    44 |   126 |    75 ||   257
       War axe           |       |    23 |   242 |   431 |    98 ||   794
       Broad axe         |       |       |       |       |   108 ||   108
       Executioner's axe |       |       |       |       |    38 ||    38
Invok: Berserk           |     1 |     4 |     3 |     6 |     2 ||    16
       Trog's Hand       |       |     1 |     1 |     1 |     2 ||     5
  Use: Scroll            |       |       |     6 |     3 |       ||     9
       Potion            |       |       |       |       |     1 ||     1
 Stab: Sleeping          |     1 |       |       |       |       ||     1
Armor: Animal skin       |     1 |    11 |       |       |       ||    12
       Robe              |       |    12 |       |       |       ||    12
       Leather armour    |       |       |    36 |       |       ||    36
       Chain mail        |       |       |    34 |     5 |       ||    39
       Plate armour      |       |       |       |   108 |    59 ||   167
Dodge: Dodged            |    29 |    85 |   125 |   198 |    91 ||   528
Block: Kite shield       |       |       |   108 |   201 |    87 ||   396
